 Dungeon Crawl Stone Soup version 0.28.0-45-g0d030f2227 (webtiles) character file.

Game seed: 3697519756670943302

1099 Icepheonix32 the Covered (level 8, 0/61 HPs)
             Began as a Demonspawn Fighter on Apr 13, 2022.
             Was an Initiate of Makhleb.
             Slain by Maggie
             ... wielding a +0 morningstar
              (12 damage)
             ... on level 6 of the Dungeon.
             The game lasted 00:06:56 (5821 turns).

Icepheonix32 the Covered (Demonspawn Fighter)       Turns: 5821, Time: 00:06:56

Health: 0/61       AC:  8    Str: 18    XL:     8   Next: 10%
Magic:  10/10      EV: 12    Int: 15    God:    Makhleb [......]
Gold:   600        SH:  0    Dex: 14    Spells: 7/7 levels left

rFire   . . .      SeeInvis .     - Unarmed
rCold   . . .      Faith    .   (no shield)
rNeg    . . .      Spirit   .   b - +0 scale mail
rPois   .          Reflect  .   n - +0 helmet
rElec   .          Harm     .   (no cloak)
rCorr   .          Rampage  .   (no gloves)
Will    +....                   (no boots)
Stlth   ..........              j - amulet of the acrobat
HPRegen 0.20/turn               i - +6 ring of intelligence
MPRegen 0.12/turn               z - ring of willpower

@: mighty, mesmerised
A: claws 1, repulsion field 1, powered by death 1
a: Renounce Religion


You were on level 6 of the Dungeon.
You worshipped Makhleb.
Makhleb was noncommittal.
You visited 2 branches of the dungeon, and saw 7 of its levels.

You collected 600 gold pieces.

Inventory:

Hand Weapons
 h - a +2 dagger of draining
 l - a +4 dagger of venom
 C - the +6 shortbow "Ucyexis" {venom, rC++ Dex+2}
   (You found it on level 5 of the Dungeon)

   Any ammunition fired from it poisons the flesh of those it strikes.
   Dex:       It affects your dexterity (+2).
   rC:        It greatly protects you from cold.
Missiles
 q - 4 boomerangs (quivered)
 x - 17 poisoned darts
 D - 82 arrows
 G - 2 curare-tipped darts
Armour
 b - a +0 scale mail (worn)
 c - a +1 buckler
 k - a +0 plate armour
 n - a +0 helmet (worn)
Jewellery
 i - a +6 ring of intelligence (left claw)
 j - an amulet of the acrobat (around neck)
 z - a ring of willpower (right claw)
Wands
 u - a wand of paralysis (12)
 w - a wand of iceblast (12)
 E - a wand of acid (8)
Scrolls
 a - a scroll of fog {unknown}
 f - 3 scrolls of teleportation
 g - a scroll of amnesia
 o - a scroll of fear {unknown}
 r - a scroll of vulnerability {unknown}
 y - a scroll of immolation
 B - 4 scrolls of identify
 F - a scroll of silence {unknown}
Potions
 e - 3 potions of brilliance {unknown}
 m - 2 potions of cancellation {unknown}
 p - 3 potions of curing
 s - a potion of invisibility
 t - a potion of flight
 v - a potion of mutation {unknown}
 A - a potion of heal wounds {unknown}


   Skills:
 + Level 4.4 Fighting
 - Level 0.8(1.7) Short Blades
 - Level 2.3(2.4) Long Blades
 + Level 1.9 Bows
 + Level 1.8 Throwing
 + Level 5.1 Armour
 + Level 2.3 Dodging
 + Level 0.9 Stealth
 + Level 3.8 Shields
 * Level 3.1 Unarmed Combat
 * Level 2.7 Invocations


You had 7 spell levels left.
You didn't know any spells.
Your spell library contained the following spells:

 Spells                   Type           Power      Damage    Failure   Level
 Foxfire                  Conj/Fire      0%         2x1d4     61%         1
 Sublimation of Blood     Necr           0%         N/A       75%         2
 Wereblood                Tmut           0%         N/A       75%         2
 Conjure Flame            Conj/Fire      0%         6-21      93%         3
 Gell's Gravitas          Tloc           0%         N/A       93%         3
 Inner Flame              Hex/Fire       0%         N/A       93%         3
 Teleport Other           Tloc           0%         N/A       93%         3
 Airstrike                Air            0%         N/A       100%        4
 Flame Wave               Conj/Fire      0%         2d4       100%        4
 Petrify                  Tmut/Erth      0%         N/A       100%        4
 Summon Lightning Spire   Summ/Air       0%         N/A       100%        4
 Irradiate                Conj/Tmut      0%         3d13      100%        5
 Lightning Bolt           Conj/Air       0%         1d11      100%        5
 Dispersal                Tloc           0%         N/A       100%        6
 Summon Hydra             Summ           0%         N/A       100%        7


Dungeon Overview and Level Annotations

Branches:
Dungeon (6/15)             Temple (1/1) D:5

Altars:
Ashenzari
Dithmenos
Elyvilon
Gozag
Kikubaaqudgha
Makhleb
Nemelex Xobeh
Ru
Sif Muna
Vehumet
Xom
Zin

Annotations:
D:3 2 transporters, NinjaNoafa's ghost, amateur MiFi
D:6 Maggie


Innate Abilities, Weirdness & Mutations

You have sharp fingernails.
You are surrounded by a mild repulsion field. (EV +2)
You regenerate a little health from kills.


Message History

Maggie is moderately wounded.
Maggie practices a pose.
Maggie hits you with a +0 morningstar!
You barely miss Maggie.
Maggie is moderately wounded.
Maggie barely misses you.
Unknown command.
You barely miss Maggie.
Maggie is moderately wounded.
Maggie closely misses you.
You barely miss Maggie.
Maggie is moderately wounded.
Unknown command.
You feel better. Maggie misses you.
You feel very mighty all of a sudden. Maggie hits you with a +0 morningstar!
You scratch Maggie.
Maggie is heavily wounded.
Maggie smiles, but it's obviously fake.
Maggie barely misses you.
You scratch Maggie.
Maggie is heavily wounded.
Maggie barely misses you.
You scratch Maggie.
Maggie is heavily wounded.
Maggie closely misses you.
Unknown command.
You claw Maggie!
Maggie is severely wounded.
Maggie hits you with a +0 morningstar!
* * * LOW HITPOINT WARNING * * *
You barely miss Maggie.
Maggie is severely wounded.
Maggie mumbles some strange words.
Maggie draws you further into her thrall.
Unknown command.
You barely miss Maggie.
Maggie is severely wounded.
Maggie hits you with a +0 morningstar!
You die...

##)##.#....#
#####'##.#....#
#......#.#....#
#....[.#.######
#......#.# #......#.#
#### ## #......#.# ....^
.########...######(.....
.##.............@@.....(
.##.######..######......
###.# ##..# ..... #.#
#..># #.## #.# #.### #
#.# #.# #.# #.# #.# #.#
###.# #.#


You could see Maggie (mesmerising, drained).

Vanquished Creatures
  A komodo dragon (D:5)
  Menkaure (D:6)
  An ice beast (D:6)
  A necrophage (D:5)
  Blork the orc (D:6)
  A kobold brigand (D:6)
  3 bullfrog skeletons
  2 orc priests (D:5)
  3 hounds
  2 iguanas
  4 adders
  A white imp (D:5)
  2 dart slugs
  12 orcs
  5 ball pythons
  2 endoplasms
  4 giant cockroaches
  10 goblins
  4 hobgoblins
  6 jackals
  3 quokkas (D:5)
  4 bats
  7 frilled lizards
  6 kobolds
  6 rats
92 creatures vanquished.

Notes
Turn   | Place    | Note
-------+----------+-------------------------------------------
     0 | D:1      | Icepheonix32 the Demonspawn Fighter began the quest for the
                  | Orb.
     0 | D:1      | Reached XP level 1. HP: 18/18 MP: 1/1
   353 | D:1      | Gained mutation: You regenerate a little health from kills.
                  | [demonic ancestry]
   353 | D:1      | Reached XP level 2. HP: 16/24 MP: 2/2
   418 | D:1      | Found a faded altar of an unknown god.
   831 | D:1      | Identified a scroll of acquirement
   831 | D:1      | Acquired 312 gold pieces
   944 | D:2      | Reached skill level 3 in Armour
   985 | D:2      | Reached XP level 3. HP: 29/29 MP: 3/3
  1747 | D:3      | Found a transporter.
  1771 | D:3      | Noticed NinjaNoafa's ghost (amateur MiFi)
  1869 | D:3      | Found a transporter.
  1991 | D:3      | Found a radiant altar of Vehumet.
  2041 | D:3      | Gained mutation: You have sharp fingernails. [demonic
                  | ancestry]
  2041 | D:3      | Reached XP level 4. HP: 35/35 MP: 4/4
  2739 | D:4      | Reached skill level 1 in Dodging
  3064 | D:4      | Found a sacrificial altar of Ru.
  3220 | D:4      | Reached skill level 1 in Throwing
  3662 | D:4      | Reached XP level 5. HP: 41/41 MP: 5/5
  3721 | D:5      | Entered Level 5 of the Dungeon
  3721 | D:5      | Noticed a necrophage
  3745 | D:5      | Killed a necrophage
  3746 | D:5      | Reached skill level 1 in Unarmed Combat
  3866 | D:5      | Found a staircase to the Ecumenical Temple.
  3870 | D:5      | Noticed a komodo dragon
  3886 | D:5      | Killed a komodo dragon
  3887 | D:5      | Reached skill level 4 in Armour
  3887 | D:5      | Reached XP level 6. HP: 12/48 MP: 6/6
  3904 | Temple   | Entered the Ecumenical Temple
  4254 | D:5      | Gained mutation: You are surrounded by a mild repulsion
                  | field. (EV +2) [demonic ancestry]
  4254 | D:5      | Reached XP level 7. HP: 51/53 MP: 7/7
  4578 | D:5      | Identified the +6 shortbow "Ucyexis" {venom, rC++ Dex+2}
  4989 | Temple   | Became a worshipper of Makhleb the Destroyer
  5039 | D:6      | Noticed Blork the orc
  5052 | D:6      | Killed Blork the orc
  5098 | D:6      | Reached skill level 1 in Invocations
  5282 | D:6      | Reached skill level 1 in Bows
  5282 | D:6      | Reached skill level 5 in Armour
  5608 | D:6      | Noticed Menkaure
  5610 | D:6      | Killed Menkaure
  5611 | D:6      | Reached XP level 8. HP: 61/61 MP: 8/10
  5797 | D:6      | Noticed Maggie
  5821 | D:6      | Slain by Maggie

Illustrated notes

Levels and vault maps discovered:
D:1:      dpeg_arrival_radiant, layout_basic,
          dreamdust_ecumenical_altar_hidden_monk_grotto
D:2:      minmay_evil_eye, layout_basic, kennysheep_pointless_box
D:3:      layout_basic, mainiacjoe_overflow_boulevard, gammafunk_ghost_arena,
          minmay_misc_feat_roman
D:4:      layout_basic, mainiacjoe_overflow_surrounded_room,
          chequers_serial_rivers_small_b
D:5:      layout_rooms, minmay_temple_entry_sparse_star,
          hellmonk_bongcloud_opening
D:6:      layout_basic, uniq_menkaure, uniq_maggie, uniq_blork_the_orc
Temple:   zaba_magenta_temple

Skill      XL: |  1  2  3  4  5  6  7 |
---------------+----------------------+-----
Long Blades    | 2 |  2.3
Shields        | 3 |  3.8
Armour         | 3 4 5 |  5.1
Dodging        | 1 2 |  2.3
Throwing       | 1 |  1.8
Unarmed Combat | 2 3 |  3.1
Fighting       | 4 |  4.4
Invocations    | 2 |  2.7
Bows           | 1 |  1.9
Short Blades   | |  0.8
Stealth        | |  0.9

Action                   |  1- 3 |  4- 6 |  7- 9 || total
-------------------------+-------+-------+-------++-------
Melee: Dagger            |   113 |   122 |    67 ||   302
       Long sword        |     4 |       |       ||     4
       Unarmed           |       |       |    34 ||    34
       Punch             |       |       |     1 ||     1
 Fire: Shortbow          |       |       |    26 ||    26
Throw: Boomerang         |     8 |     1 |     1 ||    10
  Use: Scroll            |     7 |     3 |       ||    10
       Potion            |       |     1 |     2 ||     3
Armor: Scale mail        |    30 |    41 |    24 ||    95
Dodge: Dodged            |    43 |    51 |    51 ||   145
Block: Buckler           |    26 |    23 |       ||    49
